 Dungeon Crawl Stone Soup version 0.19.5 (webtiles) character file.

3714 ghjk the Cleaver (level 9, -4/79 HPs)
             Began as a Minotaur Fighter on Apr 23, 2017.
             Was an Elder of Okawaru.
             Slain by a catoblepas (11 damage)
             ... on level 8 of the Dungeon.
             The game lasted 00:10:31 (5795 turns).

ghjk the Cleaver (Minotaur Fighter)                 Turns: 5795, Time: 00:10:33

Health: -4/79      AC: 11    Str: 25    XL:     9   Next: 91%
Magic:  8/8        EV:  2    Int:  5    God:    Okawaru [****..]
Gold:   337        SH:  0    Dex: 12    Spells: 0 memorised, 8 levels left

rFire  . . .     SeeInvis .     a - +1 war axe
rCold  . . .     Gourm    .     b - +0 scale mail
rNeg   + + +     Faith    +     c - +0 shield
rPois  ∞         Spirit   .     (helmet restricted)
rElec  .         Reflect  .     (no cloak)
rCorr  .         Harm     .     m - +1 pair of gloves
MR     .....                    B - +0 pair of boots
Stlth  ..........               E - amulet of faith
                                u - +3 ring of dexterity
                                (no ring)

@: petrified
A: retaliatory headbutt, horns 2
a: Heroism, Renounce Religion


You were on level 8 of the Dungeon.
You worshipped Okawaru.
Okawaru was greatly pleased with you.
You were not hungry.

You visited 1 branch of the dungeon, and saw 9 of its levels.

You collected 337 gold pieces.

Inventory:

Hand Weapons
 a - a +1 war axe (weapon)
Armour
 b - a +0 scale mail (worn)
 c - a +0 shield (worn)
 m - a +1 pair of gloves (worn)
 B - a +0 pair of boots (worn)
Jewellery
 g - an uncursed amulet of guardian spirit
 u - a +3 ring of dexterity (right hand)
 E - an amulet of faith (around neck)
Wands
 e - a wand of polymorph (19/24)
 s - a wand of confusion (13/48)
 F - a wand of enslavement (21/24)
Scrolls
 d - a scroll of fog {unknown}
 h - 2 scrolls of teleportation
 k - 2 scrolls of fear
 n - a scroll of recharging
 p - 4 scrolls of remove curse
 v - 3 scrolls of identify
 y - a scroll of blinking
 z - a scroll of amnesia
Potions
 i - a potion of invisibility
 j - a potion of cure mutation
 l - 3 potions of agility
 o - 5 potions of magic
 q - a potion of lignification
 r - 2 potions of curing
 w - 2 potions of haste
Comestibles
 f - 3 bread rations
 x - 2 meat rations
 D - a beef jerky


   Skills:
 + Level 7.0 Fighting
 * Level 13.5 Axes
 + Level 7.3 Armour
 + Level 4.0 Dodging
 - Level 3.6 Shields


You had 8 spell levels left.
You didn't know any spells.

Dungeon Overview and Level Annotations

Branches:
Dungeon (9/15)             Temple (0/1) D:7
   Lair: D:8-11         Orc: D:9-12

Altars:
Dithmenos
Elyvilon
Gozag
Kikubaaqudgha
Okawaru
Ru
Sif Muna
The Shining One


Innate Abilities, Weirdness & Mutations

You reflexively headbutt those who attack you in melee.
You have a pair of horns on your head.


Message History

The catoblepas gores you!
The catoblepas breathes a plume of calcifying dust at you.
The blast of calcifying dust hits you!
Your limbs are stiffening.
You have turned to stone.
The catoblepas breathes a plume of calcifying dust at you.
The blast of calcifying dust hits you!
You are engulfed in calcifying dust.
The catoblepas gores you!!
* * * LOW HITPOINT WARNING * * *
You are engulfed in calcifying dust.
The catoblepas breathes a plume of calcifying dust at you.
The blast of calcifying dust hits you!
* * * LOW HITPOINT WARNING * * *
You are engulfed in calcifying dust.
The catoblepas breathes a plume of calcifying dust at you.
The blast of calcifying dust hits you!
* * * LOW HITPOINT WARNING * * *
You are engulfed in calcifying dust.
The catoblepas gores you.
* * * LOW HITPOINT WARNING * * *
The catoblepas gores you!!
You die...

..# #.# ... ##.# ...
+# #.# ... #.######
.... #@Y#...# .....
#..'...+ #....
......#.##...#
###...##.........##+##
### #......#########)#
#.. #......# #)# ###
#......# #†# #......#
#.# #......#########.#
###


You could see a catoblepas.

Vanquished Creatures
  Joseph (D:7)
  6 yaks (D:8)
  A water moccasin (D:8)
  An ice beast (D:6)
  A sky beast (D:7)
  A black bear (D:8)
  3 ogres
  5 centaurs
  A phantom (D:4)
  2 bullfrogs (D:6)
  3 scorpions
  4 wights (D:7)
  A howler monkey (D:6)
  An electric eel (D:8)
  A crimson imp (D:6)
  2 centaur zombies
  A bullfrog zombie (D:9)
  4 hounds
  3 orc priests
  A jelly (D:6)
  5 bullfrog skeletons
  Terence (D:2)
  An iguana (D:6)
  4 worker ants
  6 adders
  2 gnolls (D:4)
  2 shadow imps
  4 oozes
  An adder skeleton (D:9)
  A worm (D:3)
  2 dart slugs (D:1)
  5 leopard geckos
  17 orcs
  6 giant cockroaches
  7 goblins
  9 hobgoblins
  8 jackals
  5 kobolds
  6 quokkas
  2 ball pythons
  7 bats
  5 frilled lizards
  A jackal zombie (D:6)
  A leopard gecko zombie (D:8)
  A quokka skeleton (D:8)
  11 rats
  2 plants (D:4)
165 creatures vanquished.

Notes
Turn   | Place    | Note
-------+----------+-------------------------------------------
     0 | D:1      | ghjk the Minotaur Fighter began the quest for the Orb.
     0 | D:1      | Reached XP level 1. HP: 19/19 MP: 0/0
   135 | D:1      | Reached XP level 2. HP: 27/27 MP: 1/1
   428 | D:1      | Reached skill level 3 in Axes
   554 | D:1      | Reached XP level 3. HP: 31/33 MP: 2/2
   863 | D:2      | Found a white marble altar of Elyvilon.
   933 | D:2      | Noticed Terence
   950 | D:2      | Killed Terence
   950 | D:2      | Reached skill level 4 in Axes
   950 | D:2      | Reached XP level 4. HP: 19/40 MP: 3/3
  1388 | D:2      | Found a deep blue altar of Sif Muna.
  1421 | D:2      | Found an ancient bone altar of Kikubaaqudgha.
  1970 | D:3      | Noticed an ogre
  1977 | D:3      | Killed an ogre
  1977 | D:3      | Reached skill level 5 in Axes
  1977 | D:3      | Reached XP level 5. HP: 34/47 MP: 4/4
  2290 | D:3      | Found a sacrificial altar of Ru.
  2442 | D:4      | Reached skill level 6 in Axes
  2442 | D:4      | Reached skill level 1 in Dodging
  2448 | D:4      | Found an iron altar of Okawaru.
  2454 | D:4      | Became a worshipper of Warmaster Okawaru
  2482 | D:4      | Noticed a phantom
  2510 | D:4      | Killed a phantom
  2510 | D:4      | Reached XP level 6. HP: 32/53 MP: 5/5
  2572 | D:4      | Found a shadowy altar of Dithmenos.
  2695 | D:4      | Reached skill level 5 in Armour
  2897 | D:4      | Reached skill level 7 in Axes
  3229 | D:4      | Found a shadowy altar of Dithmenos.
  3484 | D:5      | Entered Level 5 of the Dungeon
  3487 | D:5      | Reached XP level 7. HP: 37/60 MP: 3/6
  3640 | D:5      | Reached * piety under Okawaru
  3691 | D:5      | Reached skill level 8 in Axes
  3963 | D:5      | Reached skill level 5 in Fighting
  4088 | D:6      | Reached skill level 9 in Axes
  4193 | D:6      | Reached XP level 8. HP: 57/68 MP: 7/7
  4220 | D:6      | Found a glowing golden altar of the Shining One.
  4341 | D:6      | Reached ** piety under Okawaru
  4341 | D:6      | Reached skill level 10 in Axes
  4898 | D:7      | Noticed Joseph
  4912 | D:7      | Killed Joseph
  4912 | D:7      | Reached *** piety under Okawaru
  4912 | D:7      | Reached skill level 11 in Axes
  4991 | D:7      | Reached XP level 9. HP: 69/75 MP: 8/8
  5001 | D:7      | Found a staircase to the Ecumenical Temple.
  5052 | D:7      | Found an opulent altar of Gozag.
  5143 | D:7      | You fall through a shaft for 2 floors!
  5261 | D:9      | Reached skill level 12 in Axes
  5378 | D:8      | Reached **** piety under Okawaru
  5388 | D:8      | Reached skill level 13 in Axes
  5780 | D:8      | Noticed a catoblepas
  5795 | D:8      | Slain by a catoblepas

Skill      XL: |  1  2  3  4  5  6  7  8  9 |
---------------+----------------------------+-----
Fighting       | 4 5 7 |  7.0
Axes           | 3 4 5 6 7 9 11 13 | 13.5
Armour         | 4 5 6 7 |  7.3
Dodging        | 1 2 4 |  4.0
Shields        | |  3.6

Action                   |  1- 3 |  4- 6 |  7- 9 || total
-------------------------+-------+-------+-------++-------
Melee: War axe           |    73 |   166 |   279 ||   518
       Headbutt          |    12 |    30 |    57 ||    99
  Use: Scroll            |       |    12 |    10 ||    22
       Potion            |       |       |     2 ||     2
  Eat: Chunk             |       |     7 |     2 ||     9
       Bread ration      |       |     1 |       ||     1
       Pizza             |       |       |     1 ||     1
       Beef jerky        |       |       |     1 ||     1
Armor: Scale mail        |    23 |    42 |    88 ||   153
Dodge: Dodged            |    15 |    37 |    80 ||   132
Block: Shield            |    33 |    73 |   109 ||   215
